Map: Acid Plant LE

Players

Ryosis

  • Race: Zerg Zerg
  • Spawn Location: 11:00

Optimus - Winner!

  • Race: Terran Terran
  • Spawn Location: 5:00

Event: WCS Valencia 2018

VOD

Have the link to the VOD?

Description

Time

  • Played on: July 12, 2018, 6:24 a.m.
  • Length: 5:07

All games in this series

Show
View Real Time Build Order
Export as new Build Order

Ryosis Zerg 

Build Orders: Hatch First, Roach Nydus 

Get SALT Encoding   

  12  0:00  Drone  
  13  0:12  Overlord  
  13  0:17  Drone  
  14  0:31  Drone x2  
  14  0:34  Drone  
  17  0:50  Hatchery  
  17  0:54  Drone  
  17  0:57  Drone  
  18  1:08  Extractor  
  17  1:12  Spawning Pool  
  17  1:15  Drone  
  18  1:18  Drone  
  18  1:28  Drone  
  19  1:38  Overlord  
  19  1:50  Drone  
  20  1:58  Queen  
  20  2:00  Zergling x2  
  23  2:02  Queen  
  23  2:03  Zergling x2  
  26  2:18  Hatchery  
  26  2:21  Drone  
  26  2:24  Drone  
  26  2:29  Drone  
  28  2:31  Drone  
  28  2:34  Drone  
  29  2:44  Lair  
  29  2:47  Drone  
  30  2:52  Overlord  
  30  2:56  Drone  
  31  2:59  Drone  
  31  3:05  Extractor, Queen  
  31  3:08  Drone  
  31  3:11  Drone  
  35  3:13  Drone  
  35  3:15  Drone  
  35  3:18  Drone  
  38  3:22  Extractor  
  37  3:27  Roach Warren  
  37  3:30  Drone  
  37  3:32  Drone  
  38  3:41  Queen  
  40  3:51  Overlord  
  40  3:52  Nydus Network  
  40  3:55  Drone x2  
  41  4:04  Overlord  
  41  4:07  Roach x2  
  45  4:14  Roach x2  
  48  4:19  Roach  
  48  4:22  Roach  
  48  4:28  Roach  
  44  4:40  Nydus Canal  
  44  4:43  Roach  
  46  4:47  Roach  
Show
View Real Time Build Order
Export as new Build Order

Optimus Terran - Winner!

Build Orders: Reaper Expand, Hellion Banshee 

Get SALT Encoding   

  12  0:00  SCV  
  13  0:12  SCV  
  14  0:17  Supply Depot  
  14  0:25  SCV  
  15  0:39  SCV  
  15  0:40  Barracks  
  16  0:43  Refinery  
  16  0:51  SCV  
  17  1:03  SCV  
  18  1:15  SCV  
  19  1:27  Reaper  
  19  1:28  Orbital Command  
  20  1:40  Command Center  
  20  1:47  Supply Depot  
  20  1:53  SCV  
  21  1:59  Marine  
  22  2:04  Factory  
  22  2:08  SCV  
  23  2:12  Refinery  
  23  2:19  Barracks Reactor  
  23  2:20  SCV  
  24  2:32  SCV  
  25  2:44  SCV  
  25  2:49  Starport  
  26  2:53  Orbital Command  
  26  2:56  SCV  
  29  2:58  Hellion  
  29  2:59  Hellion  
  29  3:01  Barracks Tech Lab  
  31  3:09  SCV  
  34  3:20  Hellion x2, SCV  
  34  3:21  SCV  
  34  3:25  Supply Depot  
  38  3:32  Cloaking Field, SCV  
  38  3:33  Banshee  
  42  3:36  SCV  
  43  3:44  SCV  
  43  3:49  Hellion x2, SCV  
  48  3:56  Supply Depot, SCV  
  48  4:01  SCV  
  51  4:16  Cyclone, Banshee  
  54  4:18  Marine  
  54  4:19  Bunker  
  54  4:21  Supply Depot  
  55  4:26  Bunker, Cyclone  
  56  4:35  Marine  
  56  4:36  Supply Depot  
  53  4:45  SCV x2, Refinery  
  55  4:46  Refinery  
Tags
 
Add a new tag
Caveats
  • Supply blocks, unpowered buildings, or Contaminate may cause inaccurate times.
  • Supply counts are checked every 10 seconds.